Map: King Sejong Station LE

Players

AngryLings

  • Race: Zerg Zerg
  • League: Master

llllllllllll - Winner!

  • Race: Protoss Protoss
  • League: Master

VOD

Have the link to the VOD?

Description

Time

  • Played on: June 2, 2016, 1:08 p.m.
  • Length: 16:25
Show
View Real Time Build Order
Export as new Build Order

AngryLings Zerg 

Build Orders: Hatch First, Muta Ling Bane 

Get SALT Encoding   

  12  0:00  Drone  
  13  0:12  Overlord  
  13  0:17  Drone  
  14  0:30  Drone x2  
  14  0:34  Drone  
  17  0:54  Hatchery  
  16  0:57  Drone  
  16  0:58  Extractor  
  16  1:02  Drone  
  17  1:17  Spawning Pool  
  16  1:22  Drone  
  16  1:25  Drone  
  18  1:39  Drone  
  19  1:40  Overlord  
  19  2:06  Metabolic Boost  
  19  2:07  Queen x2  
  23  2:10  Drone  
  23  2:14  Drone  
  25  2:17  Drone  
  25  2:20  Drone  
  27  2:23  Drone  
  27  2:26  Drone  
  27  2:28  Drone  
  30  2:35  Drone  
  31  2:38  Drone  
  32  2:52  Overlord  
  32  2:56  Hatchery, Overlord  
  31  3:17  Zergling x2  
  31  3:18  Zergling x18  
  41  3:22  Drone  
  41  3:24  Drone  
  43  3:31  Queen x2  
  43  3:33  Drone  
  48  3:44  Drone x2  
  48  3:47  Drone  
  48  3:48  Drone  
  52  3:49  Overlord  
  52  3:51  Overlord  
  52  4:14  Overlord x2  
  52  4:15  Queen  
  54  4:18  Drone x5  
  58  4:25  Drone  
  58  4:26  Drone x6  
  65  4:31  Drone x2  
  65  4:38  Drone  
  65  4:42  Drone x2  
  61  5:00  Baneling Nest  
  61  5:01  Queen x2  
  61  5:02  Queen  
  66  5:08  Extractor  
  66  5:10  Zergling x2  
  66  5:11  Extractor, Zergling x12  
  71  5:15  Overlord  
  71  5:19  Zergling x6  
  74  5:21  Overlord x2  
  74  5:34  Zergling x2  
  74  5:35  Zergling x16  
  76  5:53  Drone x3  
  76  5:54  Drone  
  76  5:55  Drone  
  73  6:02  Zergling x14  
  78  6:14  Evolution Chamber, Drone x6  
  78  6:16  Evolution Chamber  
  82  6:18  Queen  
  82  6:23  Lair, Drone x3  
  82  6:25  Zergling x4  
  89  6:27  Overlord  
  85  6:54  Zergling x2  
  85  6:55  Zergling x20  
  85  6:56  Zerg Melee Weapons Level 1  
  85  6:57  Zerg Ground Armor Level 1  
  85  6:58  Drone  
  85  7:01  Extractor, Zergling x4  
  97  7:02  Extractor x2  
  96  7:13  Zergling x6  
  92  7:23  Zergling x10  
  92  7:28  Drone x3  
  92  7:29  Drone  
  97  7:30  Drone x2  
  97  7:32  Centrifical Hooks  
  98  7:40  Zergling x8  
  102  7:49  Zergling x2  
  102  7:50  Zergling x4  
  102  7:51  Spire  
  103  8:11  Zergling x2  
  103  8:12  Zergling x4  
  106  8:13  Overlord x4  
  106  8:15  Baneling  
  106  8:16  Baneling x15  
  106  8:26  Overlord x2  
  106  8:35  Hatchery  
  93  9:03  Mutalisk  
  93  9:04  Mutalisk x11  
  112  9:30  Mutalisk x4  
  117  9:32  Zergling x16  
  117  9:33  Zergling x4  
  127  9:41  Mutalisk  
  127  9:43  Zergling x8  
  130  9:54  Zergling x6  
  131  10:03  Baneling x3  
  131  10:04  Baneling x4  
  131  10:05  Baneling x9  
  131  10:07  Zergling x8  
  131  10:08  Zergling x16  
  131  10:12  Queen  
  143  10:24  Zergling x2  
  143  10:25  Zergling x8  
  138  10:37  Zergling x4  
  138  10:38  Zergling x8  
  125  10:53  Baneling  
  125  10:54  Baneling  
  125  10:55  Baneling x23  
  125  10:56  Zergling x16  
  124  11:05  Zergling x2  
  124  11:06  Zergling x2  
  101  11:19  Zergling x10  
  99  11:30  Lair  
  94  11:33  Baneling Nest, Mutalisk  
  94  11:34  Mutalisk x2  
  98  11:44  Mutalisk x3  
  90  12:00  Zergling x2  
  90  12:01  Zergling x12  
  97  12:07  Zergling x2  
  98  12:15  Hatchery  
  97  12:16  Zergling x4  
  97  12:19  Queen  
  97  12:21  Queen  
  99  12:24  Zergling x6  
  100  12:32  Baneling x10  
  100  12:33  Baneling x13  
  100  12:34  Zergling x14  
  94  12:55  Zergling x14  
  99  13:09  Zergling x14  
  104  13:21  Spire  
  104  13:27  Drone  
  104  13:28  Spire  
  104  13:29  Drone x3  
  104  13:30  Drone x2  
  104  13:33  Zergling x10  
  113  13:38  Baneling x4  
  113  13:40  Baneling  
  113  13:41  Baneling  
  113  13:42  Baneling  
  113  13:58  Zergling x12  
  113  13:59  Zergling x2  
  120  14:09  Queen  
  120  14:10  Drone x2  
  120  14:16  Drone x3  
  127  14:19  Baneling x2  
  94  15:12  Zergling x2  
  94  15:13  Zergling x20  
  103  15:14  Zergling x2  
  103  15:15  Zergling x34  
  75  15:50  Zergling x2  
  75  15:51  Zergling x26  
  75  15:56  Baneling x5  
  85  15:58  Baneling x2  
  85  15:59  Baneling  
  85  16:05  Zergling x4  
  85  16:06  Zergling x4  
Show
View Real Time Build Order
Export as new Build Order

llllllllllll Protoss - Winner!

Build Orders: 1 Gate Expand 

Get SALT Encoding   

  12  0:02  Probe (Chrono Boost)  
  13  0:13  Probe (Chrono Boost)  
  14  0:19  Pylon  
  14  0:23  Probe (Chrono Boost)  
  15  0:37  Probe (Chrono Boost)  
  15  0:38  Gateway  
  16  0:43  Assimilator  
  16  0:47  Probe (Chrono Boost)  
  17  0:58  Probe (Chrono Boost)  
  18  1:17  Probe (Chrono Boost)  
  19  1:29  Cybernetics Core  
  19  1:38  Nexus  
  19  1:40  Probe (Chrono Boost)  
  20  1:49  Assimilator  
  20  1:50  Probe (Chrono Boost)  
  21  2:00  Pylon  
  22  2:01  Probe (Chrono Boost)  
  22  2:07  Warp Gate  
  22  2:13  Probe (Chrono Boost)  
  23  2:18  Stalker (Chrono Boost)  
  25  2:29  Probe  
  26  2:30  Twilight Council  
  26  2:41  Probe  
  27  2:45  Adept (Chrono Boost)  
  29  2:51  Probe  
  29  2:53  Probe  
  31  3:02  Probe  
  31  3:05  Probe  
  33  3:07  Resonating Glaives (Chrono Boost)  
  33  3:08  Adept  
  33  3:12  Probe  
  35  3:18  Gateway  
  36  3:22  Gateway  
  36  3:24  Probe  
  37  3:32  Probe  
  38  3:35  Adept  
  38  3:37  Probe  
  41  3:42  Probe  
  42  3:49  Probe, Pylon  
  42  3:53  Probe  
  44  4:01  Probe  
  45  4:03  Probe  
  45  4:08  Pylon  
  46  4:13  Probe  
  42  4:22  Sentry  
  42  4:23  Probe, Adept x2  
  47  4:37  Mothership Core  
  46  4:40  Probe  
  47  4:46  Adept  
  47  4:47  Adept x2  
  54  4:52  Probe  
  54  5:01  Probe  
  54  5:05  Probe  
  56  5:11  Probe  
  57  5:17  Probe, Sentry x2  
  57  5:19  Nexus  
  57  5:20  Pylon, Assimilator  
  57  5:21  Pylon  
  62  5:36  Probe  
  62  5:38  Probe  
  64  5:43  Blink (Chrono Boost)  
  64  5:47  Probe, Forge, Assimilator  
  65  5:50  Probe  
  60  6:05  Probe  
  60  6:06  Probe  
  56  6:13  Sentry  
  56  6:14  Adept  
  56  6:16  Probe  
  56  6:18  Probe, Protoss Ground Weapons Level 1 (Chrono Boost)  
  61  6:23  Sentry  
  64  6:27  Probe  
  64  6:30  Probe  
  64  6:31  Probe, Gateway  
  66  6:34  Gateway  
  66  6:38  Probe  
  66  6:39  Gateway  
  66  6:42  Probe  
  66  6:43  Probe  
  66  6:45  Adept  
  66  6:46  Adept x2  
  72  6:48  Probe  
  72  6:52  Probe  
  73  6:55  Probe  
  73  6:58  Robotics Facility  
  73  7:00  Probe  
  76  7:01  Pylon  
  76  7:03  Probe  
  76  7:07  Probe  
  75  7:12  Probe  
  75  7:14  Sentry x3  
  80  7:16  Probe  
  80  7:19  Probe  
  82  7:24  Probe  
  83  7:32  Probe  
  83  7:33  Probe  
  83  7:36  Probe  
  86  7:40  Assimilator x2  
  86  7:43  Probe  
  87  7:45  Probe  
  87  7:46  Warp Prism (Chrono Boost)  
  87  7:48  Probe  
  91  7:52  Sentry x2, Gateway  
  91  7:53  Stalker x2  
  91  7:54  Gateway  
  91  7:55  Probe  
  100  8:07  Probe  
  100  8:10  Pylon, Gateway, Protoss Ground Weapons Level 2  
  100  8:12  Pylon  
  101  8:13  Pylon  
  101  8:17  Pylon x2, Gateway  
  101  8:18  Pylon, Photon Cannon  
  101  8:20  Photon Cannon  
  101  8:29  Robotics Facility  
  101  8:30  Phoenix  
  101  8:32  Robotics Bay  
  101  8:35  Adept  
  101  8:36  Adept x2  
  107  8:41  Adept  
  107  8:42  Adept  
  107  8:47  Adept  
  113  9:05  Adept x5  
  113  9:06  Extended Thermal Lance (Chrono Boost)  
  123  9:17  Probe x2  
  123  9:21  Colossus (Chrono Boost)  
  135  9:29  Colossus (Chrono Boost)  
  135  9:30  Stalker x3  
  135  9:31  Adept  
  135  9:36  Adept x2  
  139  9:40  Adept  
  139  9:44  Photon Cannon  
  139  10:00  Stalker x2  
  139  10:01  Stalker x3  
  139  10:05  Pylon  
  149  10:09  Pylon  
  149  10:11  Photon Cannon  
  149  10:23  Stalker x2  
  149  10:24  Stalker x2  
  149  10:27  Stalker x2  
  149  10:28  Stalker  
  136  10:51  Stalker  
  132  11:01  Stalker x2  
  132  11:02  Stalker x2  
  140  11:09  Cybernetics Core  
  128  11:29  Probe  
  129  11:33  Gateway  
  129  11:37  Pylon  
  129  11:40  Pylon  
  119  11:51  Stalker x3  
  119  11:52  Stalker x5  
  105  11:55  Protoss Ground Weapons Level 3  
  105  12:02  Photon Cannon  
  105  12:05  Adept, Photon Cannon  
  105  12:06  Photon Cannon  
  107  12:09  Photon Cannon  
  107  12:16  Stalker x3  
  113  12:27  Adept x4  
  113  12:50  Probe  
  95  12:53  Probe, Stargate  
  95  12:54  Probe  
  95  12:55  Stargate  
  98  13:00  Probe  
  97  13:09  Stalker x5  
  97  13:10  Stalker  
  109  13:29  Observer (Chrono Boost)  
  109  13:31  Observer (Chrono Boost)  
  109  13:32  Sentry x2  
  109  13:33  Sentry  
  109  13:34  Sentry  
  119  13:38  Phoenix x2 (Chrono Boost)  
  123  13:45  Pylon  
  120  14:04  Phoenix x2 (Chrono Boost)  
  120  14:09  Probe  
  125  14:17  Nexus  
  125  14:18  Fleet Beacon, Probe x2  
  125  14:20  Pylon  
  127  14:28  Phoenix (Chrono Boost)  
  127  14:29  Phoenix (Chrono Boost)  
  127  14:44  Probe x2  
  129  14:50  Adept x3  
  129  14:56  Sentry x4  
  134  15:07  Stalker  
  127  15:17  Adept x3  
  127  15:18  Adept  
  131  15:37  Adept x4  
  117  15:54  Adept x3  
  117  15:55  Adept  
Tags
 
Add a new tag
Caveats
  • Supply blocks, unpowered buildings, or Contaminate may cause inaccurate times.
  • Supply counts are checked every 10 seconds.